[Event "Titled Tuesday Blitz June 27 Late 2023"]
[White "Vila Dupla, Aurelio"]
[Black "Dmitriev, Sergey"]
[WhiteFideId "2203383"]
[BlackFideId "14101785"]
[WhiteElo "2188"]
[BlackElo "1952"]
[Result "1-0"]
[Round "8"]
[TimeControl "180+2"]
[Date "2023.06.27"]
[WhiteClock "0:01:10"]
[BlackClock "0:00:56"]
[Board "127"]

1. Nf3 d6 2. d4 g6 3. g3 Bg7 4. Bg2 Nf6 5. O-O O-O 6. c4 b6 7. Nc3 Bb7 8. d5 Nbd7 9. Nd4 a5 10. b3 Nc5 11. Bb2 Ng4 12. h3 Ne5 13. f4 Ned7 14. e4 e6 15. dxe6 Nxe6 16. Nd5 Nxd4 17. Bxd4 Bxd4+ 18. Qxd4 Bxd5 19. Qxd5 Nc5 20. Rad1 Qf6 21. e5 Qe7 22. exd6 Qe3+ 23. Kh2 cxd6 24. Qd4 Qe2 25. Rd2 Ne6 26. Rxe2 Nxd4 27. Rd2 Nf5 28. Bxa8 Rxa8 29. Re1 a4 30. g4 Nh4 31. Kg3 g5 32. fxg5 Ng6 33. Rxd6 axb3 34. axb3 Ra3 35. Rxb6 Ra1 36. Rxa1 1-0


[Site "https://www.chess.com"]

[Event "Titled Tuesday Blitz June 27 Late 2023"]
[White "Ricaurte Lopez, Juan Carlos"]
[Black "Shubin, Daniel"]
[WhiteFideId "3600327"]
[BlackFideId "30936470"]
[WhiteElo "2107"]
[BlackElo "2237"]
[Result "0-1"]
[Round "8"]
[TimeControl "180+2"]
[Date "2023.06.27"]
[WhiteClock "0:00:00"]
[BlackClock "0:02:07"]
[Board "128"]

1. e4 e6 2. d4 d5 3. exd5 exd5 4. Nf3 Nc6 5. Bb5 Bd6 6. O-O Ne7 7. Re1 O-O 8. h3 a6 9. Ba4 b5 10. Bb3 Na5 11. Bg5 f6 12. Bd2 Nc4 13. Nc3 Nxb2 14. Qe2 Nc4 15. Bf4 Bxf4 16. Qxe7 Qxe7 17. Rxe7 Bd6 18. Nxd5 Bxe7 19. Nxe7+ Kf7 20. Nd5 c6 21. Nb4 Be6 22. Nxc6 Bd5 23. Nb4 Rfd8 24. Nxd5 Rxd5 25. a4 Re8 0-1


[Site "https://www.chess.com"]

[Event "Titled Tuesday Blitz June 27 Late 2023"]
[White "Ng, Matthew K"]
[Black "Powell, Paul"]
[WhiteFideId "2094371"]
[BlackFideId "2005840"]
[WhiteElo "2089"]
[BlackElo "2178"]
[Result "0-1"]
[Round "8"]
[TimeControl "180+2"]
[Date "2023.06.27"]
[WhiteClock "0:00:00"]
[BlackClock "0:00:13"]
[Board "129"]

1. e4 c5 2. Nf3 d6 3. d3 g6 4. g3 Bg7 5. Bg2 Nc6 6. O-O Bd7 7. c3 b5 8. d4 cxd4 9. cxd4 Rc8 10. Nc3 Nf6 11. a3 a6 12. h3 O-O 13. Be3 Na5 14. e5 Ne8 15. Bf4 Nc4 16. b3 Nxa3 17. Rxa3 b4 18. Rxa6 bxc3 19. exd6 Bb5 20. dxe7 Qxe7 21. Re1 Qb4 22. Rb6 c2 23. Qc1 Qa5 24. Rb7 Nf6 25. Ne5 Nh5 26. Bd2 Qa6 27. Nd7 Rfe8 28. Nc5 Qa2 29. Rxb5 Bxd4 30. Nb7 Nxg3 31. Nd6 Rxe1+ 32. Qxe1 Rf8 0-1


[Site "https://www.chess.com"]

[Event "Titled Tuesday Blitz June 27 Late 2023"]
[White "Gyulamiryan-koryun"]
[Black "Waldo Zalapa, Alejandro"]
[BlackFideId "5106109"]
[WhiteElo "2068"]
[BlackElo "2158"]
[Result "0-1"]
[Round "8"]
[TimeControl "180+2"]
[Date "2023.06.27"]
[WhiteClock "0:00:00"]
[BlackClock "0:00:34"]
[Board "130"]

1. e4 c5 2. Nf3 d6 3. d4 cxd4 4. Nxd4 Nf6 5. f3 g6 6. Be3 Bg7 7. Nc3 Nc6 8. Qd2 Nxd4 9. Bxd4 Be6 10. O-O-O Qa5 11. Kb1 O-O 12. Nd5 Qd8 13. Nxf6+ exf6 14. Bc3 Qc8 15. Bb5 a6 16. Ba4 Rd8 17. Bb3 Bxb3 18. axb3 Qc6 19. Qf4 d5 20. e5 fxe5 21. Bxe5 Rac8 22. c3 Bxe5 23. Qxe5 d4 24. Rd3 dxc3 25. Rxc3 Qb6 26. Rhc1 Rxc3 27. Rxc3 Qg1+ 28. Ka2 Qxg2 29. Qc7 Rf8 30. h4 b5 31. h5 Qh3 32. hxg6 hxg6 33. f4 Qf5 34. Rc5 Qd3 35. Rc3 Qd5 36. Rh3 a5 37. Qc3 f6 38. f5 a4 39. fxg6 axb3+ 40. Qxb3 Ra8+ 41. Kb1 Qxb3 42. Rxb3 Kg7 43. Rxb5 Kxg6 44. b4 f5 45. Kc2 Kg5 46. Kd2 Kg4 47. Ke2 f4 48. Ra5 Re8+ 49. Kf2 Rc8 50. Ra2 Rb8 51. Rb2 Rb5 52. Kg2 Rh5 53. b5 f3+ 54. Kg1 Kg3 55. b6 Rh8 56. b7 Rb8 0-1


[Site "https://www.chess.com"]

[Event "Titled Tuesday Blitz June 27 Late 2023"]
[White "Vasquez Garrido, Nuremberg"]
[Black "campochess"]
[WhiteFideId "4432118"]
[WhiteElo "2061"]
[BlackElo "2155"]
[Result "1-0"]
[Round "8"]
[TimeControl "180+2"]
[Date "2023.06.27"]
[WhiteClock "0:00:18"]
[BlackClock "0:01:15"]
[Board "131"]

1. d4 Nf6 2. c4 c5 3. d5 b5 4. a4 bxc4 5. Nc3 g6 6. e4 d6 7. Nf3 Nbd7 8. Nd2 Bg7 9. Nxc4 O-O 10. Bd3 Nb6 11. a5 Nxc4 12. Bxc4 Rb8 13. O-O Ng4 14. Be2 h5 15. h3 Nf6 16. Qc2 Nd7 17. Bg5 f6 18. Bd2 Ne5 19. f4 Nf7 20. e5 Bf5 21. Bd3 Rxb2 22. Qxb2 Bxd3 23. Rfe1 fxe5 24. fxe5 Nxe5 25. Qb3 c4 26. Qa3 Qc7 27. Be3 Bf5 28. Nb5 Qb7 29. Nd4 Qxd5 30. Nxf5 Rxf5 31. Bxa7 Nd3 32. Rad1 Bd4+ 33. Bxd4 Qxd4+ 34. Kh2 Nf2 35. Rxd4 1-0


[Site "https://www.chess.com"]

[Event "Titled Tuesday Blitz June 27 Late 2023"]
[White "Aqib Javaid Butt"]
[Black "Cardenas Carbajal, Nilson"]
[WhiteFideId "7801262"]
[BlackFideId "8401128"]
[WhiteElo "2022"]
[BlackElo "2114"]
[Result "1/2-1/2"]
[Round "8"]
[TimeControl "180+2"]
[Date "2023.06.27"]
[WhiteClock "0:00:22"]
[BlackClock "0:00:17"]
[Board "132"]

1. d4 Nf6 2. Nf3 d5 3. g3 g6 4. Bg2 Bg7 5. O-O O-O 6. c3 c6 7. Bf4 Bf5 8. Qc1 Nbd7 9. Bh6 Qb6 10. Bxg7 Kxg7 11. Nbd2 Rfe8 12. Nh4 Be4 13. Nxe4 Nxe4 14. Nf3 e5 15. Nxe5 Nxe5 16. dxe5 Rxe5 17. Bxe4 Rxe4 18. e3 Rae8 19. Rd1 f5 20. Rd4 a5 21. Qd2 Qb5 22. Rd1 Rxd4 23. Qxd4+ Kf7 24. b3 h5 25. c4 dxc4 26. bxc4 Qe5 27. Qb6 Re7 28. Qd8 h4 29. gxh4 Qe4 30. Rd7 Qxh4 31. Rxe7+ Qxe7 32. Qh8 Qg5+ 33. Kf1 Qh5 34. Qb8 Qd1+ 35. Kg2 Qg4+ 36. Kf1 Qxc4+ 37. Kg2 b5 38. Qc7+ Kf6 39. Qxa5 Qg4+ 40. Kf1 Qh3+ 41. Kg1 Qg4+ 42. Kf1 Qd1+ 43. Kg2 Qd5+ 44. Kg1 g5 45. Qc3+ Kg6 46. Qh8 Qd1+ 47. Kg2 Qg4+ 48. Kf1 Qc4+ 49. Kg2 Qd5+ 50. Kg1 b4 51. Qe8+ Kg7 52. Qe7+ Kg6 53. Qe8+ Kg7 54. Qe7+ Kg6 55. Qxb4 g4 56. a4 Qd1+ 57. Kg2 Qf3+ 58. Kf1 Qd1+ 59. Kg2 Qf3+ 60. Kg1 Qd1+ 61. Kg2 1/2-1/2


[Site "https://www.chess.com"]

[Event "Titled Tuesday Blitz June 27 Late 2023"]
[White "Crispin Ferreras, Darvi Abraham"]
[Black "Allam, Yara"]
[WhiteFideId "6402771"]
[BlackFideId "10615709"]
[WhiteElo "2268"]
[BlackElo "2061"]
[Result "1-0"]
[Round "8"]
[TimeControl "180+2"]
[Date "2023.06.27"]
[WhiteClock "0:02:35"]
[BlackClock "0:02:01"]
[Board "133"]

1. d4 d5 2. c4 c6 3. Nf3 Nf6 4. Nc3 e6 5. e3 Bd6 6. Be2 O-O 7. b3 Nbd7 8. O-O Re8 9. Bb2 Bc7 10. Bd3 e5 11. dxe5 Nxe5 12. cxd5 Bg4 13. Be2 Qd6 14. Nxe5 Qxe5 15. g3 Bxe2 16. Qxe2 cxd5 17. Nb5 Qd6 18. Nxd6 1-0


[Site "https://www.chess.com"]

[Event "Titled Tuesday Blitz June 27 Late 2023"]
[White "Nakamura, Hikaru"]
[Black "Sargsyan, Shant"]
[WhiteFideId "2016192"]
[BlackFideId "13306766"]
[WhiteElo "3213"]
[BlackElo "3036"]
[Result "1-0"]
[Round "9"]
[TimeControl "180+2"]
[Date "2023.06.27"]
[WhiteClock "0:00:15"]
[BlackClock "0:00:00"]
[Board "1"]

1. Nf3 d5 2. d4 Nf6 3. c4 e6 4. Bg5 dxc4 5. Nbd2 b5 6. a4 c6 7. Qc2 Bb7 8. g3 a6 9. Bg2 Nbd7 10. Ne5 Nxe5 11. dxe5 h6 12. Bh4 g5 13. exf6 gxh4 14. O-O h3 15. Bf3 Qb6 16. b3 cxb3 17. Qxb3 O-O-O 18. Nc4 Qd4 19. axb5 cxb5 20. Na5 Bxf3 21. Rac1+ Bc5 22. Qxf3 Rd5 23. Nb3 Qe5 24. e4 Qh5 25. Qc3 b4 26. Qe3 Kb8 27. Nxc5 Rd6 28. e5 Rc6 29. Nd7+ Kc7 30. Rxc6+ Kxc6 31. Qb6+ Kd5 32. Qc5+ Ke4 33. Qc4+ Kf5 34. Qd3+ Kg5 35. f4+ Kg4 36. Qf3+ 1-0


[Site "https://www.chess.com"]

[Event "Titled Tuesday Blitz June 27 Late 2023"]
[White "Korobov, Anton"]
[Black "Martinez Alcantara, Jose Eduardo"]
[WhiteFideId "14105730"]
[BlackFideId "3805662"]
[WhiteElo "2997"]
[BlackElo "3026"]
[Result "0-1"]
[Round "9"]
[TimeControl "180+2"]
[Date "2023.06.27"]
[WhiteClock "0:00:36"]
[BlackClock "0:00:32"]
[Board "2"]

1. d4 Nf6 2. c4 e6 3. Nf3 Bb4+ 4. Nbd2 O-O 5. a3 Be7 6. b4 d6 7. Bb2 c5 8. e3 b6 9. Bd3 Bb7 10. O-O Nbd7 11. Qe2 Qc7 12. Rfd1 Rfe8 13. Rac1 h6 14. Bb1 Rac8 15. e4 cxd4 16. Nxd4 Qb8 17. Re1 Bf8 18. f3 a6 19. Nf1 g6 20. Ne3 Bg7 21. Qd2 Red8 22. Nb3 Ne5 23. Bd4 Ba8 24. Qb2 Ned7 25. a4 h5 26. a5 bxa5 27. Nxa5 Rc7 28. Rcd1 Rdc8 29. Kh1 Kh7 30. Bc3 Qb6 31. Bd4 Qb8 32. Ba2 Rg8 33. Rb1 h4 34. Qf2 h3 35. Qh4+ Nh5 36. Bxg7 Kxg7 37. Qxh3 Rh8 38. g4 Nf4 39. Qg3 g5 40. Ng2 Rh3 41. Qf2 Ne5 42. Nxf4 gxf4 43. Qd4 f6 44. g5 Rxh2+ 0-1


[Site "https://www.chess.com"]

[Event "Titled Tuesday Blitz June 27 Late 2023"]
[White "Terry, Renato"]
[Black "Yoo, Christopher Woojin"]
[WhiteFideId "3803457"]
[BlackFideId "30909694"]
[WhiteElo "3016"]
[BlackElo "2994"]
[Result "0-1"]
[Round "9"]
[TimeControl "180+2"]
[Date "2023.06.27"]
[WhiteClock "0:00:02"]
[BlackClock "0:00:07"]
[Board "3"]

1. d4 d5 2. Nf3 Nf6 3. c4 e6 4. e3 Be7 5. b3 O-O 6. Bd3 dxc4 7. bxc4 c5 8. O-O Nc6 9. Bb2 b6 10. Nbd2 Nb4 11. Bb1 Bb7 12. Qe2 Rc8 13. Rd1 Qc7 14. a3 Nc6 15. d5 exd5 16. cxd5 Na5 17. e4 c4 18. Bc3 Nb3 19. Nxb3 cxb3 20. Be5 Qd7 21. Nd4 Ng4 22. Bf4 Bc5 23. h3 Bxd4 24. Rxd4 Nf6 25. Qb2 Qb5 26. Bd3 Qc5 27. Be3 Qc3 28. Rb1 Qxb2 29. Rxb2 Rc3 30. f3 Nd7 31. Bd2 Rcc8 32. Rxb3 Nc5 33. Rc3 Nxd3 34. Rcxd3 Ba6 35. Re3 Rc2 36. Rc3 Rxc3 37. Bxc3 f6 38. f4 Rc8 39. Bb4 Kf7 40. e5 fxe5 41. fxe5 Rc1+ 42. Kf2 Rc4 43. e6+ Kf6 44. Rd2 Bb5 45. e7 Kf7 46. Bd6 Ke8 47. Ke3 Rc3+ 48. Kd4 Rc4+ 49. Ke5 Rc1 50. Rf2 Re1+ 51. Kd4 Kd7 52. Bb4 Rd1+ 53. Ke5 a5 54. Bd2 Kxe7 55. Be3 Bc4 56. d6+ Rxd6 57. Rf4 Rd5+ 58. Ke4 Rd3 59. Bxb6 Rb3 60. Bxa5 Ke6 61. Bb4 Bd5+ 62. Kd4 Bxg2 63. Rg4 Bxh3 64. Rxg7 h5 65. Re7+ Kf6 66. Re8 Bf5 67. Rf8+ Ke6 68. Re8+ Kf6 69. Rf8+ Kg5 70. Ke5 Re3+ 71. Kd4 Re4+ 72. Kd5 h4 73. Bd6 Re2 74. Rg8+ Kh5 75. Rh8+ Kg4 76. Rg8+ Kh3 77. Rh8 Be6+ 78. Kc6 Bb3 79. Kb5 Re4 80. Kc5 Kg2 81. Rh6 h3 82. Rg6+ Kf1 83. Rh6 Re3 84. Rf6+ Ke2 85. Rh6 Bc2 86. Kb4 Rb3+ 87. Kc4 Rf3 88. Kc5 Rxa3 89. Kd4 Rd3+ 90. Ke5 Kf1 91. Kf4 Kg2 92. Kg5 Rd5+ 93. Kf4 h2 94. Ke3 h1=Q 95. Rxh1 Kxh1 96. Bf4 Kg2 97. Ke2 Kh3 98. Kf3 Rd3+ 99. Ke2 Kg4 100. Be3 Kf5 101. Kf3 Ke5 102. Ke2 Ke4 103. Bb6 Ba4 104. Bc7 Bb5 105. Kf2 Rf3+ 106. Kg2 Bf1+ 107. Kg1 Bh3 108. Bb8 Kd3 109. Kh2 Ke2 110. Bg3 Bf1 111. Bb8 Rh3+ 112. Kg1 Kf3 113. Ba7 Bg2 0-1


[Site "https://www.chess.com"]

[Event "Titled Tuesday Blitz June 27 Late 2023"]
[White "Bortnyk, Olexandr"]
[Black "Indjic, Aleksandar"]
[WhiteFideId "14120828"]
[BlackFideId "911925"]
[WhiteElo "3007"]
[BlackElo "2977"]
[Result "1-0"]
[Round "9"]
[TimeControl "180+2"]
[Date "2023.06.27"]
[WhiteClock "0:00:03"]
[BlackClock "0:00:00"]
[Board "4"]

1. d4 Nf6 2. Nc3 d5 3. Bf4 a6 4. e3 b5 5. a3 e6 6. b4 Bd6 7. Nf3 Nc6 8. Bd3 Bb7 9. Ne5 Nd7 10. Nxc6 Bxc6 11. Qg4 g6 12. Qg3 Qe7 13. O-O O-O 14. e4 dxe4 15. Bxe4 Bxe4 16. Nxe4 Bxf4 17. Qxf4 Rac8 18. Rfe1 Kg7 19. h4 h6 20. Re3 Rfe8 21. Rae1 Red8 22. Rf3 Re8 23. h5 g5 24. Qc1 f5 25. Ng3 Qf7 26. d5 f4 27. Ne4 exd5 28. Qa1+ Kh7 29. Nd2 Rxe1+ 30. Qxe1 Re8 31. Qf1 Ne5 32. Rc3 c6 33. Nf3 Nc4 34. Qd3+ Kg7 35. Rb3 g4 36. Qd4+ Kg8 37. Nh2 Re1+ 38. Nf1 Qf5 39. Rd3 f3 40. Rd1 Rxd1 41. Qxd1 fxg2 42. Ng3 Qf3 43. Qd4 Kf7 44. Qh8 Qf6 45. Qh7+ Ke6 46. Qg8+ Ke5 47. Qxg4 Kd6 48. Kxg2 Ne5 49. Qf5 Ke7 50. Qh7+ Ke6 51. Qc7 Qf3+ 52. Kg1 Qd1+ 53. Kg2 Qf3+ 54. Kg1 Qd1+ 55. Kh2 Qxc2 56. Qc8+ Kd6 57. Qb8+ Ke6 58. Qe8+ Kf6 59. Qh8+ Ke6 60. Qxh6+ Kd7 61. Qg7+ Ke6 62. Qg8+ Kd7 63. Qg7+ Ke6 64. Kg2 d4 65. h6 d3 66. h7 1-0


[Site "https://www.chess.com"]

[Event "Titled Tuesday Blitz June 27 Late 2023"]
[White "Carlsen, Magnus"]
[Black "Rasulov, Vugar"]
[WhiteFideId "1503014"]
[BlackFideId "13402390"]
[WhiteElo "3281"]
[BlackElo "2937"]
[Result "0-1"]
[Round "9"]
[TimeControl "180+2"]
[Date "2023.06.27"]
[WhiteClock "0:00:09"]
[BlackClock "0:00:29"]
[Board "5"]

1. e4 e5 2. Nf3 Nc6 3. Bb5 Nf6 4. Nc3 d6 5. d4 exd4 6. Nxd4 Bd7 7. O-O Be7 8. Bxc6 bxc6 9. Qf3 O-O 10. e5 dxe5 11. Nxc6 Bxc6 12. Qxc6 Rb8 13. Rd1 Bd6 14. b3 Qe8 15. Qxe8 Rfxe8 16. Be3 a6 17. h3 h6 18. g4 Kf8 19. Kg2 Ke7 20. Kf3 Ke6 21. Ne4 Nxe4 22. Kxe4 g6 23. Kf3 f5 24. Re1 h5 25. Bg5 a5 26. a4 Rb6 27. gxh5 gxh5 28. Rg1 Rc6 29. Ra2 Rg8 30. h4 e4+ 31. Ke2 Bf4 32. c4 Rb6 33. Rb2 Be5 34. Rbb1 Rgb8 35. Bd2 Rxb3 36. Rxb3 Rxb3 37. Rg6+ Kf7 38. Rg5 Kf6 39. Rxh5 Rb2 40. Ke1 Ra2 41. Rh6+ Kf7 42. Bxa5 Rxa4 43. Bxc7 Bd4 44. Rh7+ Kg6 45. Rd7 Ra1+ 46. Ke2 Ra2+ 47. Kf1 Bxf2 48. Rd5 Bxh4 49. Bb6 f4 50. Re5 f3 51. Kg1 Rg2+ 52. Kh1 Re2 53. Kg1 Bg3 0-1


[Site "https://www.chess.com"]

[Event "Titled Tuesday Blitz June 27 Late 2023"]
[White "Dardha, Daniel"]
[Black "Naroditsky, Daniel"]
[WhiteFideId "240990"]
[BlackFideId "2026961"]
[WhiteElo "2911"]
[BlackElo "3100"]
[Result "1/2-1/2"]
[Round "9"]
[TimeControl "180+2"]
[Date "2023.06.27"]
[WhiteClock "0:00:05"]
[BlackClock "0:00:08"]
[Board "6"]

1. e4 Nf6 2. e5 Nd5 3. c4 Nb6 4. d4 d6 5. f4 dxe5 6. fxe5 Nc6 7. Be3 Bf5 8. Nc3 e6 9. Be2 Be7 10. Nf3 O-O 11. O-O f6 12. exf6 Bxf6 13. h3 Qd7 14. Qd2 Rad8 15. Rad1 Kh8 16. Qc1 Qc8 17. b3 Bg6 18. Kh1 Rde8 19. Bg1 e5 20. dxe5 Nxe5 21. Nxe5 Bxe5 22. Rxf8+ Rxf8 23. Bg4 Bf5 24. Bxf5 Qxf5 25. Nd5 Nxd5 26. Rxd5 c6 27. Rd1 Bb8 28. Re1 h6 29. Qe3 Kh7 30. Qe4 Qxe4 31. Rxe4 Rf1 32. g4 Ra1 33. Re2 b6 34. Kg2 c5 35. Bf2 Bf4 36. h4 Kg6 37. Kf3 Bh2 38. Ke4 Rd1 39. Bxc5 bxc5 40. Rxh2 Rd4+ 41. Kf3 Rd3+ 42. Kf4 Rd4+ 43. Kf3 Rd3+ 44. Ke4 Rd4+ 45. Ke5 Rxg4 46. Kd5 Kh5 47. b4 cxb4 48. c5 Rg1 49. c6 Rc1 50. Kd6 Kg4 51. Rg2+ Kxh4 52. Rxg7 a5 53. c7 a4 54. Kd7 b3 55. axb3 axb3 56. Rg2 Kh3 57. Rb2 h5 58. Rxb3+ Kg4 59. Rb4+ Kg3 60. Rb6 Rxc7+ 61. Kxc7 h4 62. Kd6 h3 63. Ke5 h2 64. Rb3+ Kg2 65. Rb2+ Kg1 66. Kf4 h1=Q 67. Rb1+ Kg2 68. Rxh1 Kxh1 1/2-1/2


[Site "https://www.chess.com"]

[Event "Titled Tuesday Blitz June 27 Late 2023"]
[White "Mihajlov, Sebastian"]
[Black "Sjugirov, Sanan"]
[WhiteFideId "1512110"]
[BlackFideId "4189302"]
[WhiteElo "2749"]
[BlackElo "2954"]
[Result "1-0"]
[Round "9"]
[TimeControl "180+2"]
[Date "2023.06.27"]
[WhiteClock "0:00:14"]
[BlackClock "0:00:00"]
[Board "7"]

1. e4 c5 2. Nf3 e6 3. d4 cxd4 4. Nxd4 a6 5. c4 Nf6 6. Nc3 Qc7 7. Be2 b6 8. O-O Bb7 9. f3 Be7 10. Kh1 O-O 11. b3 d6 12. Bb2 Nbd7 13. Rc1 Rac8 14. Qd2 Rfe8 15. g4 Ne5 16. g5 Nfd7 17. f4 Ng6 18. f5 exf5 19. Nxf5 Bf8 20. Bf3 Nde5 21. Bg2 Qd8 22. h4 Re6 23. h5 Nh8 24. Nd5 Bxd5 25. cxd5 Rxc1 26. Rxc1 Re8 27. Bh3 g6 28. Rc8 Qxc8 29. Nh6+ Bxh6 30. Bxc8 Bg7 31. h6 Rxc8 32. hxg7 Kxg7 33. Qf4 Kg8 34. Bxe5 dxe5 35. Qxe5 f6 36. Qxf6 Nf7 37. d6 Rc1+ 38. Kg2 Rd1 39. e5 Rd5 40. e6 Nxd6 41. e7 Rd2+ 42. Kf1 Rd1+ 43. Ke2 Rd2+ 44. Ke1 1-0


[Site "https://www.chess.com"]

[Event "Titled Tuesday Blitz June 27 Late 2023"]
[White "Bluebaum, Matthias"]
[Black "Horvath, Dominik"]
[WhiteFideId "24651516"]
[BlackFideId "1642561"]
[WhiteElo "3058"]
[BlackElo "2906"]
[Result "0-1"]
[Round "9"]
[TimeControl "180+2"]
[Date "2023.06.27"]
[WhiteClock "0:01:43"]
[BlackClock "0:02:19"]
[Board "8"]

1. d4 Nf6 2. c4 c5 3. d5 b5 4. cxb5 a6 5. bxa6 e6 6. Nc3 exd5 7. Nxd5 Nxa6 8. e4 Nxd5 9. Qxd5 Nc7 10. Qe5+ Ne6 11. Bc4 Ba6 12. Bxa6 Qa5+ 13. Bd2 Qxa6 14. Nf3 Bd6 15. Qd5 O-O 16. b3 Rfe8 17. e5 Nd4 18. Qxd6 Qe2# 0-1


[Site "https://www.chess.com"]

[Event "Titled Tuesday Blitz June 27 Late 2023"]
[White "Nihal Sarin"]
[Black "Krzyzanowski, Marcin"]
[WhiteFideId "25092340"]
[BlackFideId "1132199"]
[WhiteElo "3104"]
[BlackElo "2846"]
[Result "1-0"]
[Round "9"]
[TimeControl "180+2"]
[Date "2023.06.27"]
[WhiteClock "0:00:03"]
[BlackClock "0:00:00"]
[Board "9"]

1. e4 c5 2. Nf3 Nc6 3. Bb5 e5 4. O-O Bd6 5. c3 Nge7 6. d4 cxd4 7. cxd4 exd4 8. Nxd4 O-O 9. Nc3 a6 10. Be2 Be5 11. Be3 d5 12. Nxc6 bxc6 13. Bd4 Bd6 14. exd5 cxd5 15. Bf3 Be6 16. Ne2 Rb8 17. b3 Nc6 18. Bb2 Qh4 19. g3 Qg5 20. Rc1 Rbc8 21. h4 Qg6 22. Bxd5 Bxd5 23. Qxd5 Nb4 24. Qd4 Rce8 25. h5 Qh6 26. Nc3 Re6 27. Ne4 Be5 28. Qxb4 Bxb2 29. Rc2 Qxh5 30. Qc5 Qg6 31. Nd2 Be5 32. Nf3 Bd6 33. Qc4 h5 34. Kg2 Rf6 35. Rd2 Re8 36. Qd3 Qg4 37. Nh2 Qe6 38. Nf3 Qe4 39. Re1 Qf5 40. Rxe8+ 1-0


[Site "https://www.chess.com"]

[Event "Titled Tuesday Blitz June 27 Late 2023"]
[White "Harshavardhan G B"]
[Black "Pranesh M"]
[WhiteFideId "25059009"]
[BlackFideId "35028600"]
[WhiteElo "2819"]
[BlackElo "3024"]
[Result "0-1"]
[Round "9"]
[TimeControl "180+2"]
[Date "2023.06.27"]
[WhiteClock "0:00:19"]
[BlackClock "0:01:58"]
[Board "10"]

1. d4 Nf6 2. c4 b6 3. f3 Nc6 4. d5 Ne5 5. e4 e6 6. Nc3 Bb4 7. Ne2 Nxc4 8. a3 Bc5 9. Ng3 exd5 10. Nxd5 Ne5 11. Bg5 Bb7 12. Nf5 Bxd5 13. Nxg7+ Kf8 14. Bh6 Nxe4 15. Qxd5 Qh4+ 16. g3 Qxh6 17. Qxa8+ Kxg7 18. Qxe4 Re8 19. Be2 d5 20. Qxd5 Qe3 21. Kd1 Re6 22. Qe4 Rd6+ 23. Kc2 Rd2+ 24. Kb1 Qxe4+ 25. fxe4 Rxe2 26. Ka2 Nc4 27. Rab1 Nxa3 28. Rbe1 Rg2 29. Kb3 Nb5 30. Kc4 Nd6+ 31. Kd5 Rd2+ 32. Kc6 Rxb2 33. Kxc7 a5 34. e5 Nf5 35. Rhf1 Nd4 36. Kb7 a4 37. Rf6 Be7 38. Rf4 Ne6 39. Rxa4 Nc5+ 40. Kc6 Nxa4 41. Rf1 Rd2 42. Kb5 Rd4 43. Rf4 Rxf4 44. gxf4 Nc3+ 45. Kxb6 Kg6 46. Kc6 Kf5 47. Kd7 Bc5 48. Ke8 Nd5 49. Kxf7 Nxf4 50. Kg7 h5 51. Kh6 Bf8+ 52. Kh7 Kxe5 53. Kg8 Be7 54. Kf7 Bf6 55. Kg8 Kf5 56. Kh7 h4 57. h3 Nxh3 58. Kh6 Nf4 59. Kh7 h3 60. Kg8 Ke6 61. Kh7 h2 62. Kg8 h1=Q 63. Kf8 Qa8# 0-1


[Site "https://www.chess.com"]

[Event "Titled Tuesday Blitz June 27 Late 2023"]
[White "Grischuk, Alexander"]
[Black "Tristan, Leonardo"]
[WhiteFideId "4126025"]
[BlackFideId "113816"]
[WhiteElo "3018"]
[BlackElo "2779"]
[Result "1-0"]
[Round "9"]
[TimeControl "180+2"]
[Date "2023.06.27"]
[WhiteClock "0:00:13"]
[BlackClock "0:00:00"]
[Board "11"]

1. d4 d5 2. Nf3 Nf6 3. Bg5 Ne4 4. Bh4 h5 5. h3 f6 6. Nfd2 g5 7. Nxe4 dxe4 8. Bg3 h4 9. Bh2 e5 10. e3 exd4 11. exd4 Bd6 12. Bxd6 Qxd6 13. Nc3 Nc6 14. d5 Ne5 15. Qd4 Bf5 16. O-O-O O-O-O 17. Qxa7 Qb6 18. Qa8+ Kd7 19. Qa4+ Ke7 20. Rd2 c5 21. Qb5 Qxb5 22. Bxb5 Nf7 23. Re1 Nd6 24. Bd3 Kf7 25. Bxe4 Rhe8 26. Rde2 Nxe4 27. Nxe4 Bxe4 28. Rxe4 Rxe4 29. Rxe4 Rxd5 30. c4 Rf5 31. f3 b6 32. Kc2 Kg6 33. a3 Kf7 34. Kc3 Kg6 35. Kb3 Kf7 36. Ka4 1-0


[Site "https://www.chess.com"]

[Event "Titled Tuesday Blitz June 27 Late 2023"]
[White "Salem, A.R. Saleh"]
[Black "Ohanyan, Emin"]
[WhiteFideId "9301348"]
[BlackFideId "13312022"]
[WhiteElo "2992"]
[BlackElo "2797"]
[Result "1-0"]
[Round "9"]
[TimeControl "180+2"]
[Date "2023.06.27"]
[WhiteClock "0:01:08"]
[BlackClock "0:00:02"]
[Board "12"]

1. d4 Nf6 2. c4 e6 3. Nc3 Bb4 4. a3 Bxc3+ 5. bxc3 d6 6. f3 e5 7. e4 c5 8. Bd3 cxd4 9. cxd4 exd4 10. Ne2 Nc6 11. O-O O-O 12. Rb1 Nd7 13. Bb2 Qa5 14. Nxd4 Qc5 15. Be2 Nde5 16. Kh1 Nxc4 17. Bxc4 Qxc4 18. Rc1 Qa6 19. Nc2 Rd8 20. Ne3 Be6 21. f4 f6 22. g4 Rac8 23. g5 fxg5 24. f5 Bf7 25. f6 Ne5 26. Rxc8 Rxc8 27. Nf5 Re8 28. Nxd6 Qc6 29. fxg7 Bg6 30. Qd5+ Qxd5 31. exd5 Nf7 1-0


[Site "https://www.chess.com"]

[Event "Titled Tuesday Blitz June 27 Late 2023"]
[White "Gokerkan, Cem Kaan"]
[Black "Xiong, Jeffery"]
[WhiteFideId "6336760"]
[BlackFideId "2047640"]
[WhiteElo "2719"]
[BlackElo "2922"]
[Result "0-1"]
[Round "9"]
[TimeControl "180+2"]
[Date "2023.06.27"]
[WhiteClock "0:00:10"]
[BlackClock "0:01:12"]
[Board "13"]

1. e4 e6 2. d4 d5 3. Nd2 c5 4. Ngf3 Nf6 5. exd5 Nxd5 6. dxc5 Bxc5 7. Ne4 Be7 8. Bd3 O-O 9. O-O Nd7 10. Re1 b6 11. Qe2 Bb7 12. Neg5 N5f6 13. Nxe6 Bxf3 14. Nxd8 Bxe2 15. Nc6 Bxd3 16. Nxe7+ Kh8 17. cxd3 Rad8 18. Bg5 h6 19. Bh4 Nc5 20. Bxf6 gxf6 21. Nc6 Rd7 22. d4 Nd3 23. Re3 Nxb2 24. Rb1 Nc4 25. Rh3 Kg7 26. Rg3+ Kh7 27. Rc1 b5 28. Rf3 Kg6 29. Rg3+ Kh7 30. Rf3 Rc8 31. Rxf6 Kg7 32. Ne5 Nxe5 33. Rxc8 Rxd4 34. f4 Ng4 35. Rxf7+ Kxf7 36. Kf1 Rxf4+ 37. Ke2 Rf2+ 38. Kd3 Rxa2 39. Ke4 Nxh2 40. g3 b4 41. Rb8 a5 42. Rb5 Ng4 43. Kf5 Ne3+ 44. Ke4 Nc4 45. Kd5 Rc2 0-1


[Site "https://www.chess.com"]

[Event "Titled Tuesday Blitz June 27 Late 2023"]
[White "Fernandez Guillen, Ernesto J."]
[Black "Durarbayli, Vasif"]
[WhiteFideId "3512428"]
[BlackFideId "13402935"]
[WhiteElo "2721"]
[BlackElo "2918"]
[Result "0-1"]
[Round "9"]
[TimeControl "180+2"]
[Date "2023.06.27"]
[WhiteClock "0:00:02"]
[BlackClock "0:00:06"]
[Board "14"]

1. e4 c5 2. Nf3 d6 3. d4 cxd4 4. Nxd4 Nf6 5. Nc3 Nc6 6. Bc4 e6 7. Be3 a6 8. Bb3 Qc7 9. Rg1 Na5 10. g4 Nc4 11. Bxc4 Qxc4 12. g5 Nd7 13. Qd2 b5 14. a3 Bb7 15. h4 Rc8 16. h5 g6 17. O-O-O b4 18. axb4 Qxb4 19. f4 Nb6 20. Nb3 Nc4 21. Qd4 e5 22. fxe5 Bg7 23. Bf4 O-O 24. hxg6 hxg6 25. Nd5 Bxd5 26. Qxd5 Nxe5 27. Rg2 Nc4 28. e5 dxe5 29. Bd2 Nxd2 30. Rgxd2 e4 31. Kb1 Rb8 32. Re2 Rfe8 33. Rde1 Rb5 34. Qc6 Rbe5 35. Qxa6 e3 36. Qd3 R5e6 37. Rxe3 Qxe1+ 38. Rxe1 Rxe1+ 39. Nc1 Rg1 40. c3 Ree1 41. Ka2 Rxc1 42. Qd8+ Kh7 43. Qd7 Rgf1 44. Qh3+ Kg8 45. Qc8+ Bf8 46. b4 Ra1+ 47. Kb3 Rfb1+ 48. Kc4 Rc1 49. Qh3 Rab1 50. b5 Rb4+ 51. Kd5 Rxb5+ 52. Kc6 Rc5+ 53. Kd7 R1xc3 0-1


[Site "https://www.chess.com"]

[Event "Titled Tuesday Blitz June 27 Late 2023"]
[White "Mikaelyan, Arman"]
[Black "Korchmar, Vasiliy"]
[WhiteFideId "13304852"]
[BlackFideId "24131750"]
[WhiteElo "2899"]
[BlackElo "2711"]
[Result "1-0"]
[Round "9"]
[TimeControl "180+2"]
[Date "2023.06.27"]
[WhiteClock "0:00:31"]
[BlackClock "0:00:00"]
[Board "15"]

1. d4 d5 2. c4 c6 3. Nf3 Nf6 4. Nc3 e6 5. e3 Nbd7 6. Qc2 Bd6 7. b3 O-O 8. Be2 b6 9. O-O Bb7 10. Bb2 Qe7 11. Rad1 Rac8 12. Rfe1 c5 13. cxd5 exd5 14. Bf1 a6 15. dxc5 Nxc5 16. Qb1 Nce4 17. Nxe4 dxe4 18. Nh4 Bxh2+ 19. Kxh2 Ng4+ 20. Kg3 Qg5 21. f4 exf3 22. Qf5 fxg2 23. Bxg2 Qh6 24. Qxg4 Bxg2 25. Nxg2 f5 26. Qf3 Rc6 27. Kf2 Rfc8 28. Rd2 1-0


[Site "https://www.chess.com"]